 Dungeon Crawl Stone Soup version 0.26.0-15-gc6cd9f7 (webtiles) character file.

Game seed: 2764877256442176180

2184 Daza99 the Archer (level 9, -16/75 HPs)
             Began as a Minotaur Hunter on Jan 18, 2021.
             Was an Initiate of Fedhas.
             Shot with a bolt by a yaktaur (24 damage)
             ... on level 8 of the Dungeon.
             The game lasted 01:08:52 (5391 turns).

Daza99 the Archer (Minotaur Hunter)                 Turns: 5391, Time: 01:08:53

Health: -16/75     AC:  7    Str: 16 (18) XL:     9   Next: 11%
Magic:  8/8        EV: 13    Int:  6 (8)  God:    Fedhas [......]
Gold:   277        SH:  0    Dex: 10 (13) Spells: 8/8 levels left

rFire    . . .     SeeInvis .   a - +3 shortbow
rCold    . . .     Faith    .   (shield currently unavailable)
rNeg     . . .     Spirit   .   F - +0 ring mail
rPois    .         Reflect  .   (helmet restricted)
rElec    .         Harm     .   (no cloak)
rCorr    .         Rampage  .   (no gloves)
Will     .....                  e - +0 pair of boots
Stlth    ++........             (no amulet)
HPRegen  0.22/turn              (no ring)
MPRegen  0.11/turn              (no ring)

@: no status effects
A: retaliatory headbutt, hooves 1, horns 2, sturdy frame 1
a: Renounce Religion


You were on level 8 of the Dungeon.
You worshipped Fedhas.
Fedhas was noncommittal.
You visited 2 branches of the dungeon, and saw 9 of its levels.

You collected 420 gold pieces.
You paid 143 gold pieces to Gozag.

Inventory:

Hand Weapons
 a - a +3 shortbow (weapon)
 b - the +4 rapier of Hiwa {vorpal, rElec rPois Will-}
   (You found it on level 4 of the Dungeon)

   It inflicts extra damage upon your enemies.
   It insulates you from electricity.
   It protects you from poison.
   It affects your willpower, your defense against some magical effects.
 j - a +0 spear
 m - a +0 halberd
 n - a +0 rapier
 o - a +0 short sword
 p - a +0 falchion
 s - a cursed -3 flail
 u - the +4 hunting sling of Makhleb {speed, rPois Int+4 Dex+6, unknown}
   (You found it on level 4 of the Dungeon)

   Attacks with this weapon are significantly faster.
   It affects your intelligence (+4).
   It affects your dexterity (+6).
   It protects you from poison.
 v - a +0 spear
 y - a +0 hand axe
 A - a cursed -3 long sword
 D - a +0 whip of electrocution
 I - a +0 quarterstaff
Missiles
 d - 58 arrows (quivered ammo)
 h - 7 javelins
 k - 17 bolts
 t - 17 poisoned darts
 z - 18 sling bullets
Armour
 c - a +1 leather armour
 e - a +0 pair of boots (worn)
 g - a +0 leather armour
 q - a +0 leather armour
 r - a +0 kite shield
 B - a +0 chain mail
 F - a +0 ring mail (worn)
Scrolls
 i - 2 scrolls of enchant armour
 w - 2 scrolls of amnesia
 E - a scroll of remove curse
 H - a scroll of enchant weapon


   Skills:
 + Level 6.1 Fighting
 + Level 6.5 Short Blades
 + Level 1.7 Polearms
 + Level 8.8 Bows
 + Level 0.2 Throwing
 + Level 4.1 Armour
 + Level 4.3 Dodging
 + Level 2.6 Stealth


You had 8 spell levels left.
You didn't know any spells.
Your spell library contained the following spells:

 Spells                   Type           Power        Failure   Level
 Cause Fear               Hex            0%           100%        4
 Silence                  Hex/Air        0%           100%        5
 Yara's Violent Unravell  Hex/Tmut       0%           100%        5
 Discord                  Hex            0%           100%        8


Dungeon Overview and Level Annotations

Branches:
Dungeon (8/15)             Temple (1/1) D:7
   Lair: D:8-11

Altars:
Fedhas
Gozag
Hepliaklqana
Kikubaaqudgha
Makhleb
Nemelex Xobeh
Okawaru
Qazlal
Sif Muna
Trog
Uskayaw
Vehumet
Wu Jian
Xom
Yredelemnul
The Shining One

Annotations:
D:3 Robin
D:8 Erica


Innate Abilities, Weirdness & Mutations

You reflexively headbutt those who attack you in melee.
You have a pair of horns on your head.
You have large cloven feet.
Your movements are slightly less encumbered by armour. (ER -2)


Message History

You see here a bolt.
The yaktaur shoots a bolt.
The bolt hits you!!
* * * LOW HITPOINT WARNING * * *
You see here a bolt.
Unknown command.
a - a +3 shortbow (weapon)
Fire: 59 arrows
Press: ? - help, Q - select action, (/) - cycle Shift-Dir - straight line, f - yaktaur
Aim: a yaktaur, wielding a +0 arbalest and quivering 16 bolts You shoot an arrow.
The arrow hits the yaktaur but does no damage.
The yaktaur shoots a bolt.
The bolt barely misses you.
Okay, then.
It was a potion of degeneration.
There was something very wrong with that liquid.
You feel weakened.
You feel dopey.
You feel clumsy.
Unknown command.
The yaktaur shoots a bolt.
The bolt hits you!!
You die...
Fedhas appreciates your contribution to the ecosystem.

#..........# ###
#..........# #..
###..#.......# #.# .
#.....<....### #.# .
#...(##....#######.# #.
#....##............#
#.###....##.#.##########
# #...........#.# #.##
###....@(.###.#
#....#..P...^.^(..>#
#..PPPP.^#§≈.####
#.PP_...§§c§.#
#..PP....≈§#^#
##...P....^≈##
#.####.#<### #. #...# #.
###.#


You could see a yaktaur.

Vanquished Creatures
  Pikel (D:6)
  An ugly thing (D:7)
  Eustachio (D:6)
  2 phantoms
  A big kobold (D:7)
  2 bullfrogs
  A scorpion (D:4)
  3 howler monkeys
  A hound (D:4)
  2 orc priests (D:5)
  2 jellies
  A centaur skeleton (D:7)
  An iguana (D:5)
  3 orc wizards (D:5)
  3 worker ants
  A worker ant zombie (D:5)
  4 gnolls (D:5)
  11 adders
  3 shadow imps
  2 white imps
  An ufetubus (D:7)
  3 worms
  2 leopard geckos (D:4)
  16 orcs
  A ball python (D:1)
  2 giant cockroaches
  8 goblins
  4 hobgoblins
  9 jackals
  10 kobolds
  A quokka (D:7)
  2 bats (D:2)
  5 frilled lizards
  A rat (D:1)
111 creatures vanquished.

Vanquished Creatures (others)
  An orc wizard (D:5)
  A plant (D:8)
2 creatures vanquished.

Grand Total: 113 creatures vanquished

Notes
Turn   | Place    | Note
-------+----------+-------------------------------------------
     0 | D:1      | Daza99 the Minotaur Hunter began the quest for the Orb.
     0 | D:1      | Reached XP level 1. HP: 18/18 MP: 0/0
   242 | D:1      | Reached XP level 2. HP: 18/25 MP: 1/1
   532 | D:1      | Reached skill level 5 in Bows
   593 | D:1      | You fall into a shaft and drop 1 floor!
   855 | D:2      | Reached XP level 3. HP: 29/30 MP: 2/2
  1016 | D:2      | Reached skill level 1 in Stealth
  1161 | D:3      | Noticed Robin
  1176 | D:4      | Reached skill level 1 in Short Blades
  1335 | D:4      | Noticed a scorpion
  1350 | D:4      | Killed a scorpion
  1351 | D:4      | Reached skill level 1 in Armour
  1351 | D:4      | Reached XP level 4. HP: 22/37 MP: 3/3
  1536 | D:4      | Noticed a bullfrog
  1541 | D:4      | Reached XP level 5. HP: 44/44 MP: 4/4
  1738 | D:4      | Got a faintly glowing hunting sling
  1895 | D:4      | Reached skill level 6 in Bows
  1899 | D:4      | Reached XP level 6. HP: 46/51 MP: 5/5
  2021 | D:4      | Got a dazzling rapier
  2022 | D:4      | Identified the +4 rapier of Hiwa {vorpal, rElec rPois
                  | Will-} (You found it on level 4 of the Dungeon)
  2297 | D:5      | Entered Level 5 of the Dungeon
  2403 | D:5      | Reached skill level 1 in Polearms
  2565 | D:5      | Reached XP level 7. HP: 57/57 MP: 6/6
  2638 | D:5      | Found a basalt altar of Yredelemnul.
  2668 | D:5      | Found a hide-covered altar of Uskayaw.
  2671 | D:5      | Found a sparkling altar of Nemelex Xobeh.
  2675 | D:5      | Found a shimmering altar of Xom.
  3136 | D:6      | Found a sparkling altar of Nemelex Xobeh.
  3221 | D:6      | Noticed Eustachio
  3276 | D:6      | Killed Eustachio
  3277 | D:6      | Reached skill level 7 in Bows
  3305 | D:6      | Noticed Pikel
  3323 | D:6      | Killed Pikel
  3324 | D:6      | Reached skill level 5 in Short Blades
  3324 | D:6      | Reached XP level 8. HP: 58/67 MP: 7/7
  3840 | D:7      | Noticed a brown ugly thing
  3854 | D:7      | HP: 2/67 [acid (12)]
  3874 | D:7      | Killed a brown ugly thing
  3875 | D:7      | Reached skill level 5 in Fighting
  3875 | D:7      | Reached skill level 8 in Bows
  4461 | D:7      | Reached XP level 9. HP: 65/75 MP: 8/8
  4620 | D:7      | Found a staircase to the Ecumenical Temple.
  4637 | Temple   | Entered the Ecumenical Temple
  4682 | Temple   | Became a worshipper of Gozag Ym Sagoz the Greedy
  5131 | D:8      | Found a stormy altar of Qazlal.
  5131 | D:8      | Found a blossoming altar of Fedhas.
  5138 | D:8      | Fell from the grace of Gozag
  5138 | D:8      | Became a worshipper of Fedhas Madash
  5317 | D:8      | Noticed a death knight
  5318 | D:8      | Noticed Erica
  5319 | D:8      | Noticed a yaktaur
  5329 | D:8      | Gained mutation: Your movements are slightly less
                  | encumbered by armour. (ER -2) [potion of mutation]
  5329 | D:8      | Gained mutation: You have large cloven feet. [potion of
                  | mutation]
  5391 | D:8      | Shot with a bolt by a yaktaur

Illustrated notes

Levels and vault maps discovered:
D:1:      dpeg_arrival_long_road, layout_basic
D:2:      layout_loops_cross, minivault_19
D:3:      layout_loops_ring, chequers_ecumenical_altar_lobes,
          nicolae_dithmenos_shadow_blocks, uniq_robin, uniq_grinder
D:4:      minmay_chambers_of_fours, layout_gridville
D:5:      layout_basic, grunt_temple_overflow_cloverleaf
D:6:      layout_gridville, kennysheep_flooded_box, uniq_pikel, uniq_eustachio
D:7:      layout_basic, minmay_temple_entry_offerings, minmay_checkerbox,
          uniq_crazy_yiuf_cottage
D:8:      minmay_bloctagon, layout_loops_ring,
          grunt_temple_overflow_forces_of_nature, corner_web_ring,
          kennysheep_generic_room_9, uniq_erica
Temple:   jpeg_temple_alley_garden

Skill      XL: |  1  2  3  4  5  6  7  8  9 |
---------------+----------------------------+-----
Bows           | 5 6 7 8 |  8.8
Stealth        | 1 2 |  2.6
Short Blades   | 1 2 3 5 6 |  6.5
Armour         | 1 2 3 4 |  4.1
Fighting       | 3 4 5 6 |  6.1
Dodging        | 3 4 |  4.3
Polearms       | 1 |  1.7
Throwing       | |  0.2

Action                   |  1- 3 |  4- 6 |  7- 9 || total
-------------------------+-------+-------+-------++-------
Melee: Short sword       |    70 |     3 |       ||    73
       Headbutt          |     9 |    16 |    14 ||    39
       Rapier            |       |    31 |   110 ||   141
       Spear             |       |    18 |     3 ||    21
 Fire: Shortbow          |    38 |    33 |   100 ||   171
Throw: Javelin           |       |     2 |     1 ||     3
  Use: Scroll            |     8 |     1 |     7 ||    16
       Potion            |     1 |       |     9 ||    10
 Stab: Sleeping          |     1 |     1 |       ||     2
Armor: Leather armour    |    29 |    21 |    18 ||    68
       Skin              |       |       |    11 ||    11
       Ring mail         |       |       |     4 ||     4
Dodge: Dodged            |    65 |    37 |    70 ||   172
